 Dungeon Crawl Stone Soup version 0.21.1-1-g345015f (webtiles) character file.

233097 VLARC the Fetichist (level 20, -2/132 HPs)
             Began as a Halfling Hunter on Mar 21, 2018.
             Was the Champion of Dithmenos.
             Killed from afar by a nagaraja (12 damage)
             ... with an orb of energy
             ... on level 4 of the Snake Pit.
             The game lasted 02:53:37 (53519 turns).

VLARC the Fetichist (Halfling Hunter)              Turns: 53519, Time: 02:53:37

Health: -2/132     AC: 36    Str: 19    XL:     20   Next: 34%
Magic:  0/32       EV: 14    Int:  7    God:    Dithmenos [******]
Gold:   2659       SH:  0    Dex: 18    Spells: 13/19 levels left

rFire    + + .     SeeInvis .   b - +3 Elemental Staff {rElec rF++ rC++ MR++ AC+5}
rCold    + + .     Gourm    .   (shield currently unavailable)
rNeg     + + +     Faith    .   O - +2 pearl dragon scales
rPois    +         Spirit   +   m - +2 helmet
rElec    +         Reflect  .   R - +1 cloak {+Inv}
rCorr    +         Harm     .   T - +2 pair of gloves
MR       ++...                  l - +2 pair of boots {Stlth+}
Stlth    ++++++++++             u - amulet of guardian spirit
HPRegen  0.32/turn              y - +3 ring of protection
MPRegen  0.23/turn              F - ring "Icseec" {rCorr rPois rN+++ MR- Int-2}

@: about to teleport, wreathed by umbra, constricted
A: small, mutation resistance 1
}: 1/15 runes: barnacled
a: Shadow Step, Shadow Form, Renounce Religion, Evoke Invisibility


You were on level 4 of the Snake Pit.
You worshipped Dithmenos.
Dithmenos was exalted by your worship.
You were not hungry.

You visited 6 branches of the dungeon, and saw 32 of its levels.
You also visited: Labyrinth, Sewer and Ice Cave.

You collected 2981 gold pieces.
You spent 322 gold pieces at shops.

Inventory:

Hand Weapons
 a - a +9 fustibalus of freezing
 b - the +3 Elemental Staff (weapon) {rElec rF++ rC++ MR++ AC+5}
   (You found it in a labyrinth)

   It affects your AC (+5).
   It greatly protects you from fire.
   It greatly protects you from cold.
   It insulates you from electricity.
   It affects your resistance to hostile enchantments.
 c - a +0 blowgun
 d - a +7 quick blade of piercing
 e - a +3 rapier of electrocution
Missiles
 w - 74 poisoned needles
 N - 8 throwing nets
 P - 31 curare-tipped needles
 Q - 4 needles of paralysis
 U - 625 stones (quivered)
 Y - 292 sling bullets
Armour
 l - a +2 pair of boots of stealth (worn)
 m - a +2 helmet (worn)
 O - +2 pearl dragon scales (worn)
 R - a +1 cloak of invisibility (worn)
 T - a +2 pair of gloves (worn)
Jewellery
 i - an uncursed ring of see invisible
 p - an uncursed amulet of rage {unknown}
 u - an amulet of guardian spirit (around neck)
 y - a +3 ring of protection (left hand)
 F - the ring "Icseec" (right hand) {rCorr rPois rN+++ MR- Int-2}
   (You found it on level 6 of the Dungeon)

   [ring of resist corrosion]

   It affects your intelligence (-2).
   It protects you from poison.
   It renders you almost immune to negative energy.
   It affects your resistance to hostile enchantments.
Wands
 o - a wand of paralysis (27)
 s - a wand of disintegration (8)
 L - a wand of iceblast (1)
 W - a wand of scattershot (3)
 X - a wand of acid (11)
Scrolls
 g - 8 scrolls of magic mapping
 j - 2 scrolls of enchant weapon
 n - 4 scrolls of holy word
 x - 21 scrolls of identify
 A - 6 scrolls of teleportation
 C - 4 scrolls of fog
 E - 9 scrolls of remove curse
 K - a scroll of amnesia
 Z - 2 scrolls of fear
Potions
 h - 13 potions of curing
 k - 5 potions of lignification
 q - 6 potions of mutation
 r - 3 potions of cancellation
 t - 9 potions of flight
 D - 4 potions of brilliance
 I - a potion of berserk rage
 J - 2 potions of agility
 M - 2 potions of magic
 S - 6 potions of haste
 V - 4 potions of might
Books
 G - a book of Maledictions

   Spells                             Type                      Level
   a - Corona                         Hexes                        1
   b - Ensorcelled Hibernation        Hexes/Ice                    2
   c - Confuse                        Hexes                        3
   d - Tukima's Dance                 Hexes                        3
   e - Dazzling Spray                 Conjuration/Hexes            3
 H - a book of the Sky

   Spells                             Type                      Level
   a - Summon Lightning Spire         Summoning/Air                4
   b - Silence                        Hexes/Air                    5
   c - Deflect Missiles               Charms/Air                   6
   d - Conjure Ball Lightning         Conjuration/Air              6
   e - Tornado                        Air                          9
Miscellaneous
 v - a fan of gales
Comestibles
 f - 43 rations


   Skills:
 + Level 10.0 Fighting
 - Level 12.0 Short Blades
 - Level 12.0 Staves
 - Level 12.0(15.0) Slings
 - Level 11.1(12.2) Throwing
 - Level 8.0 Armour
 - Level 8.0 Dodging
 - Level 16.0 Stealth
   Level 4.1 Shields
 - Level 7.4 Invocations
 - Level 17.0 Evocations


You had 13 spell levels left.
You knew the following spells:

 Your Spells              Type           Power        Failure   Level  Hunger
a - Blink                 Tloc           N/A          92%         2    ###....
b - Passwall              Tmut/Erth      #.........   92%         2    ###....
c - Swiftness             Chrm/Air       #.......     92%         2    ###....


Dungeon Overview and Level Annotations

Branches:
Dungeon (15/15)            Temple (1/1) D:7            Lair (6/6) D:11
 Shoals (4/4) Lair:3        Snake (4/4) Lair:3        Slime (0/5) Lair:6
    Orc (2/2) D:10         Vaults (0/5) D:13         Depths (0/5) D:15
    Elf: Orc:2

Altars:
Ashenzari
Cheibriados
Dithmenos
Elyvilon
Fedhas
Gozag
Hepliaklqana
Kikubaaqudgha
Makhleb
Nemelex Xobeh
Okawaru
Qazlal
Ru
Sif Muna
Trog
Uskayaw
Vehumet
Wu Jian
Xom
Yredelemnul
Zin
The Shining One
Beogh

Shops:
D:9 %   D:10 [((   Orc:1 %   Snake:1 [*[[?

Portals:
Hell: Lair:6

Annotations:
Shoals:4 Ilsuiw


Innate Abilities, Weirdness & Mutations

You are small and have problems with some larger weapons.
You are somewhat resistant to further mutation.


Message History

The naga mage hits you from afar with a halberd.
* * * LOW HITPOINT WARNING * * *
The nagaraja hits you with a whip.
* * * LOW HITPOINT WARNING * * *
The nagaraja constricts you.
The guardian serpent casts a spell at you.
You resist with almost no effort.
You closely miss the guardian serpent.
The guardian serpent is almost dead.
Your shadow misses the guardian serpent.
The guardian serpent dies!
The naga mage hits you from afar with a halberd.
* * * LOW HITPOINT WARNING * * *
The nagaraja misses you. The nagaraja constricts you.
The nagaraja's grasp on you weakens, but your attempt to escape fails.
The nagaraja hits you but does no damage.
The nagaraja constricts you. The naga mage closely misses you.
The nagaraja gestures at you while chanting.
The orb of energy hits you!
You die...

#,,≈≈≈≈≈≈≈≈,,#...N...).#.........
##,,≈≈≈≈≈≈,,##...#≈)...#.........
.##,,,,,,,,##...##§§...##........
..###,,,,###..)##§≈≈).###........
....######....##≈≈≈..## *#.......
#....N.§N§...##≈≈≈.)## #.......
##.....§§§..##≈≈≈.)## #.......
§###...§..###§≈≈.†### ##.......
≈§§########§§§..@##.## #........
§≈≈§≈§§§§≈§§≈.NN##...## #........
.≈≈§§§≈§≈§§≈§§.##.....###........
....≈§≈≈≈§§.§..#.........).......
..(..≈≈≈§......#.....#..)........
)..((.≈§§.....§#..##.#...........
...().§§.......#..*##.<......#.##
.)...§§§≈......#.#* ####......##
##[#≈≈§≈≈≈#)#####* ##...#.##


You could see a nagaraja and a naga mage.

Vanquished Creatures
  Vashnia (Snake:3)
  Nikola (Shoals:2)
  Polyphemus (Shoals:2)
  7 nagarajas
  Roxanne (D:14)
  2 frost giants
  An orc warlord (Orc:1)
  A juggernaut zombie (D:15)
  A stone giant (Shoals:3)
  A very ugly thing (D:13)
  Nessos (Lair:4)
  7 merfolk javelineers (Shoals:4)
  A minotaur (Lab)
  8 merfolk impalers
  Harold (D:11)
  A hell beast (Lair:6)
  9 hydras
  8 naga warriors
  2 catoblepae
  19 anacondas
  4 merfolk aquamancers
  5 merfolk avatars
  A death knight (D:13)
  The ghost of barbarian the Fighter, a journeyman GrBe of Trog (D:10)
  An alligator snapping turtle (Shoals:2)
  3 satyrs
  5 centaur warriors
  11 two-headed ogres
  The ghost of VLARC the Slicer, a journeyman HaHu of Dithmenos (D:9)
  4 death yaks (Shoals:1)
  2 ogre magi
  A tengu warrior (D:13)
  3 shock serpents
  9 naga sharpshooters
  Sonja (D:10)
  9 skeletal warriors (D:14)
  6 salamander mystics
  12 sea snakes
  2 unseen horrors (D:15)
  2 wizards
  10 naga ritualists
  A necromancer (D:15)
  3 lindwurms (Snake:4)
  28 harpies
  A phantasmal warrior (D:14)
  2 orc knights
  2 deep elf magi
  20 mana vipers
  9 cyclopes
  4 oklob plants (Lair:3)
  9 fauns
  12 manticores
  An ugly thing (D:12)
  10 elephants (Lair:6)
  9 guardian serpents (Snake:4)
  5 merfolk sirens
  10 salamanders
  38 black mambas
  2 gargoyles
  A stone giant skeleton (D:15)
  2 water nymphs
  2 ice statues
  14 spiny frogs
  3 centaur skeletons
  A torpor snail (Lair:5)
  22 naga magi
  9 orange demons
  3 kobold demonologists (D:15)
  3 yaktaurs (D:13)
  7 komodo dragons
  6 rime drakes
  A hellwing (Lair:6)
  2 efreet
  5 red devils
  11 trolls
  2 ice devils
  22 merfolk
  5 wind drakes
  14 polar bears
  6 slime creatures
  10 dream sheep
  25 blink frogs
  A deep troll zombie (D:15)
  5 snapping turtles
  11 hippogriffs
  2 shadows (D:14)
  A spriggan (D:7)
  3 wraiths
  38 yaks
  8 water elementals
  2 wyverns
  Grum (D:10)
  2 hungry ghosts
  2 steam dragons
  4 vampire mosquitoes (D:12)
  2 basilisks
  32 nagas
  A warg (Orc:1)
  An acid dragon (D:13)
  A tengu zombie (D:15)
  15 water moccasins
  3 hell hounds (Lair:6)
  9 porcupines
  A black bear (Lair:5)
  8 ice beasts
  22 orc warriors
  5 sky beasts
  A hornet zombie (D:12)
  A necrophage (D:13)
  4 phantoms
  13 ogres
  26 wolves
  The ghost of tidbits the Insei, an amateur GnTm (D:3)
  4 boggarts (Lair:5)
  16 centaurs
  14 crocodiles
  3 big kobolds
  A gnoll sergeant (D:5)
  16 bullfrogs
  A wyvern skeleton (D:10)
  A water moccasin skeleton (D:5)
  3 scorpions (D:5)
  9 killer bees
  12 wights
  7 howler monkeys
  7 electric eels
  7 crimson imps
  7 centaur zombies
  10 hounds
  3 bullfrog zombies
  3 jellies (Lair:6)
  14 orc priests
  28 orc wizards
  6 hell rats
  5 iguanas
  14 worker ants
  A hound skeleton (D:5)
  A worker ant zombie (D:8)
  Robin (D:2)
  A howler monkey zombie (D:5)
  3 gnolls
  A river rat (D:3)
  16 adders
  4 shadow imps
  3 white imps (D:15)
  3 oozes
  An adder zombie (D:5)
  5 adder skeletons
  3 worms
  A dart slug (D:1)
  3 leopard geckos
  96 orcs
  4 ball pythons
  10 giant cockroaches
  15 goblins
  10 hobgoblins
  7 jackals
  7 quokkas
  8 bats
  10 frilled lizards
  19 kobolds
  A leopard gecko skeleton (D:5)
  2 leopard gecko zombies (D:5)
  2 quokka skeletons
  15 rats
  A fungus (Lair:6)
  A plant (Lair:6)
1181 creatures vanquished.

Vanquished Creatures (collateral kills)
  An alligator snapping turtle (Shoals:4)
  A harpy (Shoals:4)
  A merfolk siren (Shoals:4)
  A water nymph (Shoals:4)
  2 merfolk (Shoals:4)
  A wind drake (Shoals:4)
  2 water elementals (Shoals:3)
9 creatures vanquished.

Vanquished Creatures (others)
  2 sea snakes (Shoals:2)
  An unseen horror (D:13)
  2 harpies
  3 fauns (Shoals:2)
  A mana viper (Snake:4)
  2 merfolk sirens (Shoals:2)
  A guardian serpent (Snake:4)
  2 snapping turtles (Shoals:4)
  A naga (Snake:4)
  A sky beast (D:11)
  An orc wizard (D:13)
  A gnoll (D:6)
  6 fungi
  42 plants
  A withered plant (D:15)
67 creatures vanquished.

Grand Total: 1257 creatures vanquished

Notes
Turn   | Place    | Note
-------+----------+-------------------------------------------
     0 | D:1      | VLARC the Halfling Hunter began the quest for the Orb.
     0 | D:1      | Reached XP level 1. HP: 14/14 MP: 1/1
   115 | D:1      | Reached XP level 2. HP: 6/19 MP: 2/2
   657 | D:1      | Reached XP level 3. HP: 25/25 MP: 3/3
  1051 | D:2      | Noticed Robin
  1269 | D:2      | Reached XP level 4. HP: 30/30 MP: 4/4
  1377 | D:2      | Killed Robin
  1839 | D:3      | Found a deep blue altar of Sif Muna.
  1849 | D:3      | Found a shimmering altar of Xom.
  1857 | D:3      | Found a sacrificial altar of Ru.
  1863 | D:3      | Reached XP level 5. HP: 36/36 MP: 5/5
  1934 | D:3      | Reached XP level 6. HP: 38/43 MP: 4/6
  1989 | D:3      | Found a faded altar of an unknown god.
  2193 | D:3      | Found a glowing drain.
  2197 | Sewer    | Entered a sewer
  2963 | D:3      | Noticed tidbits's ghost (amateur GnTm)
  2972 | D:3      | Killed tidbits's ghost
  2972 | D:3      | Reached XP level 7. HP: 49/49 MP: 7/7
  3189 | D:4      | Found a snail-covered altar of Cheibriados.
  3442 | D:4      | Reached skill level 5 in Fighting
  3465 | D:4      | Found an ancient bone altar of Kikubaaqudgha.
  3671 | D:4      | Found a glowing silver altar of Zin.
  3770 | D:4      | Reached skill level 10 in Slings
  4012 | D:4      | Reached XP level 8. HP: 56/56 MP: 8/8
  4178 | D:5      | Entered Level 5 of the Dungeon
  4732 | D:5      | Found a hide-covered altar of Uskayaw.
  5037 | D:5      | Found a burning altar of Makhleb.
  5229 | D:4      | Reached XP level 9. HP: 46/64 MP: 7/9
  6587 | D:6      | Found a bloodstained altar of Trog.
  6830 | D:6      | Reached skill level 5 in Stealth
  6884 | D:5      | Reached skill level 5 in Short Blades
  7349 | D:6      | Reached XP level 10. HP: 68/71 MP: 10/10
  7401 | D:6      | Got a coiled wooden ring
  7402 | D:6      | Identified the ring "Icseec" {rCorr rPois rN+++ MR- Int-2} (You found it on level 6 of the Dungeon)
  7454 | D:6      | Found a glowing golden altar of the Shining One.
  7464 | D:6      | Found a shattered altar of Ashenzari.
  7556 | D:6      | Found an opulent altar of Gozag.
  8324 | D:7      | Found a staircase to the Ecumenical Temple.
  8880 | Temple   | Entered the Ecumenical Temple
  9037 | Temple   | Became a worshipper of Dithmenos the Shadowed
  9104 | D:7      | Found a sparkling altar of Nemelex Xobeh.
 10032 | D:8      | Found an ornate altar of the Wu Jian Council.
 10115 | D:8      | Noticed a two-headed ogre
 10258 | D:9      | Noticed VLARC's ghost (journeyman HaHu)
 11039 | D:8      | Killed a two-headed ogre
 11458 | D:9      | Noticed a two-headed ogre
 11472 | D:9      | Killed a two-headed ogre
 11472 | D:9      | Reached XP level 11. HP: 59/75 MP: 7/11
 11575 | D:9      | Reached skill level 1 in Armour
 11633 | D:9      | Reached * piety under Dithmenos
 11759 | D:9      | Reached skill level 10 in Stealth
 11831 | D:9      | Found a white marble altar of Elyvilon.
 11861 | D:9      | Found Mottarozue's Food Shop.
 12028 | D:9      | Killed VLARC's ghost
 12633 | D:10     | Entered Level 10 of the Dungeon
 12633 | D:10     | Found Roheneps's Armour Shoppe.
 12633 | D:10     | Noticed Sonja
 12689 | D:10     | Bought a +2 pair of boots of stealth for 322 gold pieces
 12714 | D:10     | Killed Sonja
 12806 | D:10     | Noticed a two-headed ogre
 12826 | D:10     | Killed a two-headed ogre
 13079 | D:10     | Found Isaaxt's Antique Weapon Shop.
 13093 | D:10     | Noticed Grum
 13133 | D:9      | Reached skill level 5 in Dodging
 13251 | D:10     | Reached skill level 10 in Short Blades
 13272 | D:10     | Found Syquq's Weapon Shoppe.
 13348 | D:10     | Reached ** piety under Dithmenos
 13348 | D:10     | Reached skill level 5 in Armour
 13437 | D:10     | Noticed a two-headed ogre
 13513 | D:9      | Killed a two-headed ogre
 13656 | D:10     | Killed Grum
 13658 | D:10     | Noticed barbarian's ghost (journeyman GrBe)
 13666 | D:10     | Reached XP level 12. HP: 74/81 MP: 10/12
 14151 | D:10     | Found a staircase to the Orcish Mines.
 14718 | D:11     | Noticed Harold
 15466 | D:11     | Reached *** piety under Dithmenos
 15831 | D:11     | Killed Harold
 16116 | D:11     | Found a staircase to the Lair.
 16381 | Lair:1   | Entered Level 1 of the Lair of Beasts
 16617 | Lair:1   | Reached skill level 1 in Throwing
 17077 | Lair:1   | Identified The Foundations of Rites and Rhymes
 18088 | Lair:2   | Noticed an eight-headed hydra
 18103 | Lair:2   | Killed an eight-headed hydra
 18240 | Lair:1   | Reached XP level 13. HP: 50/86 MP: 13/13
 18770 | Lair:2   | Noticed an eight-headed hydra
 18777 | Lair:2   | Killed an eight-headed hydra
 19108 | Lair:3   | Learned a level 2 spell: Blink
 19111 | Lair:3   | Learned a level 2 spell: Passwall
 19114 | Lair:3   | Learned a level 2 spell: Swiftness
 19145 | Lair:3   | Found a frozen archway.
 19179 | IceCv    | Entered an ice cave
 19483 | IceCv    | Reached skill level 5 in Throwing
 20403 | IceCv    | Reached **** piety under Dithmenos
 21385 | IceCv    | Noticed a frost giant
 21912 | IceCv    | Killed a frost giant
 21996 | IceCv    | Identified a scroll of acquirement
 22068 | Lair:3   | Noticed an eight-headed hydra
 22081 | Lair:3   | Killed an eight-headed hydra
 22132 | Lair:3   | Reached XP level 14. HP: 85/92 MP: 12/14
 22149 | Lair:3   | Found a staircase to the Snake Pit.
 22372 | Lair:3   | Found a staircase to the Shoals.
 22422 | Lair:3   | Found the +4 Vampire's Tooth {vamp}
 23223 | Lair:4   | Noticed Nessos
 23229 | Lair:4   | Killed Nessos
 23240 | Lair:4   | Found a hide-covered altar of Uskayaw.
 23276 | Lair:4   | Reached skill level 1 in Invocations
 24772 | Lair:6   | Entered Level 6 of the Lair of Beasts
 25256 | Lair:6   | Reached skill level 10 in Throwing
 25356 | Lair:6   | Found a burning altar of Makhleb.
 25453 | Lair:6   | Reached skill level 5 in Invocations
 25498 | Lair:6   | Reached ***** piety under Dithmenos
 25667 | Lair:6   | Found a gateway to Hell.
 25931 | Lair:6   | Reached skill level 15 in Stealth
 26116 | Lair:6   | Reached XP level 15. HP: 97/97 MP: 19/19
 26261 | Lair:6   | Found a staircase to the Slime Pits.
 27263 | D:10     | Killed barbarian's ghost
 27432 | Orc:1    | Entered Level 1 of the Orcish Mines
 27432 | Orc:1    | Found Kayxtes's Food Emporium.
 27988 | Orc:1    | Found a runed door.
 28289 | Orc:1    | Noticed an orc warlord
 28387 | Orc:1    | Killed an orc warlord
 28677 | Orc:1    | Found a roughly hewn altar of Beogh.
 28726 | Orc:2    | Entered Level 2 of the Orcish Mines
 28962 | D:12     | Reached ****** piety under Dithmenos
 28966 | D:12     | Found a labyrinth entrance.
 28973 | Lab      | Entered a labyrinth
 29237 | Lab      | Identified the Grimoire of Noxious Malediction
 29238 | Lab      | Found the +3 Elemental Staff {rElec rF++ rC++ MR++ AC+5}
 29508 | D:12     | Reached skill level 1 in Evocations
 29520 | D:12     | Reached skill level 1 in Staves
 29888 | D:12     | Reached skill level 2 in Evocations
 30641 | D:13     | Reached skill level 3 in Evocations
 30877 | D:13     | Noticed a red very ugly thing
 30884 | D:13     | Killed a red very ugly thing
 30922 | D:13     | Reached skill level 4 in Evocations
 31601 | D:13     | Reached XP level 16. HP: 103/103 MP: 21/21
 31742 | D:13     | Found a gate to the Vaults.
 31756 | D:13     | Reached skill level 5 in Evocations
 31780 | D:13     | You fall through a shaft for 2 floors!
 31780 | D:15     | Entered Level 15 of the Dungeon
 32137 | D:15     | Found a staircase to the Depths.
 32369 | D:14     | Noticed Roxanne
 32435 | D:14     | Reached skill level 5 in Staves
 32435 | D:14     | Reached skill level 6 in Evocations
 32463 | D:14     | Killed Roxanne
 33643 | D:14     | You fall through a shaft!
 33881 | D:14     | Reached skill level 7 in Evocations
 34964 | D:15     | Reached skill level 8 in Evocations
 35310 | D:15     | Found a glowing golden altar of the Shining One.
 36246 | Shoals:1 | Entered Level 1 of the Shoals
 36414 | Shoals:1 | Reached XP level 17. HP: 108/108 MP: 21/23
 37038 | Shoals:2 | Noticed a kraken
 37064 | Shoals:2 | Noticed Polyphemus
 37094 | Shoals:2 | Noticed Nikola
 38069 | Shoals:2 | Reached skill level 10 in Staves
 38353 | Shoals:2 | Found a runed door.
 38477 | Shoals:2 | Killed Nikola
 39783 | Shoals:2 | Killed Polyphemus
 40661 | Shoals:3 | HP: 3/108 [merfolk/trident (8)]
 41010 | Shoals:3 | Reached skill level 9 in Evocations
 41010 | Shoals:3 | Reached XP level 18. HP: 114/114 MP: 19/24
 41474 | Shoals:3 | Reached skill level 10 in Evocations
 42074 | Shoals:4 | Entered Level 4 of the Shoals
 42260 | Shoals:4 | Reached skill level 11 in Evocations
 43240 | Shoals:4 | Noticed Ilsuiw
 43908 | Shoals:4 | Reached skill level 12 in Evocations
 43965 | Shoals:4 | Got a barnacled rune of Zot
 44532 | Snake:1  | Entered Level 1 of the Snake Pit
 45083 | Lair:3   | Reached skill level 13 in Evocations
 45368 | Snake:1  | Found Zoshrea's Magic Scroll Emporium.
 45368 | Snake:1  | Found Jegiywar's General Store.
 45369 | Snake:1  | Found Xiyph's Armour Emporium.
 45373 | Snake:1  | Found Wibb's Armour Shoppe.
 45681 | Snake:1  | Found Xuoxteot's Armour Boutique.
 46600 | Snake:2  | Reached XP level 19. HP: 119/119 MP: 29/29
 46678 | Snake:2  | Reached skill level 14 in Evocations
 48466 | Snake:3  | Reached skill level 15 in Evocations
 48825 | Snake:3  | Noticed Vashnia
 49488 | Snake:3  | Killed Vashnia
 50210 | Snake:4  | Entered Level 4 of the Snake Pit
 50316 | Snake:4  | Reached skill level 16 in Evocations
 52276 | Snake:4  | Reached skill level 17 in Evocations
 52382 | Snake:4  | Reached XP level 20. HP: 115/126 MP: 32/32
 53510 | Snake:4  | Reached skill level 10 in Fighting
 53519 | Snake:4  | Killed from afar by a nagaraja

Skill      XL: |  1  2  3  4  5  6  7  8  9 10 11 12 13 14 15 16 17 18 19 20 |
---------------+-------------------------------------------------------------+-----
Slings         | 6 7 8 9 10 11 12 | 12.0
Fighting       | 2 3 4 5 7 10 | 10.0
Short Blades   | 6 8 10 11 12 | 12.0
Stealth        | 6 9 10 13 15 16 | 16.0
Shields        | 4 |  4.1
Armour         | 5 8 |  8.0
Dodging        | 6 8 |  8.0
Throwing       | 2 8 10 11 | 11.1
Invocations    | 5 7 |  7.4
Evocations     | 4 8 9 13 17 | 17.0
Staves         | 3 8 12 | 12.0

Action                   |  1- 3 |  4- 6 |  7- 9 | 10-12 | 13-15 | 16-18 | 19-21 || total
-------------------------+-------+-------+-------+-------+-------+-------+-------++-------
Melee: Short sword       |    21 |       |       |   673 |   780 |       |       ||  1474
       Quick blade       |       |       |       |       |  1769 |   543 |    19 ||  2331
       Staff             |       |       |       |       |       |   620 |   401 ||  1021
       Rapier            |       |       |       |       |       |   107 |       ||   107
 Fire: Hunting sling     |    88 |   218 |   686 |   830 |   123 |       |       ||  1945
       Blowgun           |       |       |       |    25 |    15 |    12 |       ||    52
       Fustibalus        |       |       |       |       |   186 |   983 |   485 ||  1654
Throw: Throwing net      |       |       |       |       |     2 |       |       ||     2
Invok: Shadow Step       |       |       |       |       |     1 |     5 |       ||     6
Evoke: Wand              |       |       |       |    14 |    12 |    21 |    13 ||    60
       Fan of gales      |       |       |       |       |       |       |     1 ||     1
  Use: Scroll            |       |     7 |    13 |     6 |    23 |     8 |     4 ||    61
       Potion            |       |     1 |     1 |     5 |     4 |    10 |    11 ||    32
 Stab: Sleeping          |       |       |       |     8 |    46 |    29 |       ||    83
       Distracted        |       |       |       |     1 |     6 |     5 |     2 ||    14
       Invisible         |       |       |       |       |     4 |       |     1 ||     5
       Fleeing           |       |       |       |       |       |     1 |       ||     1
       Betrayed ally     |       |       |       |       |       |     1 |       ||     1
  Eat: Chunk             |     1 |     4 |    10 |    26 |    34 |    27 |     8 ||   110
       Ration            |       |       |     1 |     3 |     3 |     7 |     4 ||    18
Armor: Leather armour    |    13 |    28 |    53 |    13 |       |       |       ||   107
       Pearl dragon scal |       |       |       |   230 |   465 |   825 |   296 ||  1816
       Skin              |       |       |       |       |       |    30 |    31 ||    61
Dodge: Dodged            |    39 |    87 |   136 |   502 |  1073 |  1408 |   444 ||  3689
Block: Buckler           |       |    12 |    40 |   198 |   394 |   156 |       ||   800
